 Dungeon Crawl Stone Soup version 0.25.0-9-g26727b657a (webtiles) character file.

Game seed: 7530705987549533718

420 Esekla the Ducker (level 6, 0/43 HPs)
             Began as a Spriggan Necromancer on June 16, 2020.
             Was a Follower of Sif Muna.
             Succumbed to a worker ant's poison
             ... on level 4 of the Dungeon.
             The game lasted 00:23:28 (4175 turns).

Esekla the Ducker (Spriggan Necromancer)            Turns: 4175, Time: 00:23:29

Health: 0/43       AC: 23    Str:  5 (6)  XL:     6   Next: 62%
Magic:  14/14      EV:  4    Int: 18      God:    Sif Muna [*.....]
Gold:   150        SH:  0    Dex: 17      Spells: 10/14 levels left

rFire    . . .     SeeInvis +   h - +0 short sword
rCold    . . .     Gourm    .   (shield restricted)
rNeg     + + +     Faith    .   (armour currently unavailable)
rPois    +         Spirit   .   (helmet currently unavailable)
rElec    .         Reflect  .   (cloak currently unavailable)
rCorr    .         Harm     .   (gloves unavailable)
MR       +....     NoTele   +   (boots unavailable)
Stlth    +++.......             (no amulet)
HPRegen  0.14/turn              (no ring)
MPRegen  0.14/turn              (no ring)

@: lethally poisoned (0 -> -2), tree-form
A: very small, unfitting armour, see invisible, herbivore, screaming 1, slow
metabolism 2, strong 1
a: Channel Magic, Renounce Religion


You were on level 4 of the Dungeon.
You worshipped Sif Muna.
Sif Muna was aware of your devotion.
You were not hungry.
You were a tree.
You visited 1 branch of the dungeon, and saw 5 of its levels.

You collected 150 gold pieces.

Inventory:

Hand Weapons
 f - a cursed +0 short sword
 h - a +0 short sword (weapon)
Missiles
 v - 7 boomerangs (quivered)
Armour
 a - a +0 robe (melded)
 b - a +0 cloak (melded)
 p - a +2 hat (melded)
Jewellery
 r - a +4 ring of protection
Scrolls
 d - 4 scrolls of identify
 i - a scroll of remove curse {unknown}
 j - 3 scrolls of magic mapping {unknown}
 m - 3 scrolls of teleportation {unknown}
 n - a scroll of random uselessness {unknown}
 o - a scroll of blinking {unknown}
 q - a scroll of amnesia {unknown}
 s - a scroll of fear {unknown}
Potions
 k - a potion of brilliance
 l - 3 potions of lignification
Comestibles
 c - 4 rations


   Skills:
 + Level 0.7 Fighting
 * Level 3.5 Short Blades
 * Level 6.0 Dodging
 + Level 4.5 Stealth
 * Level 4.9 Spellcasting
 + Level 3.9 Necromancy


You had 10 spell levels left.
You knew the following spells:

 Your Spells              Type           Power        Failure   Level  Hunger
a - Pain                  Necr           ###.         2%          1    None
d - Vampiric Draining     Necr           ###.......   8%          3    ###....

Your spell library contained the following spells:

 Spells                   Type           Power        Failure   Level  Hunger
 Animate Skeleton         Necr           N/A          2%          1    None
 Animate Dead             Necr           N/A          26%         4    ####...
 Agony                    Necr           ###.....     58%         5    ######.


Dungeon Overview and Level Annotations

Branches:
Dungeon (5/15)
 Temple: D:4-7

Altars:
Cheibriados
Fedhas
Okawaru
Sif Muna
Uskayaw


Innate Abilities, Weirdness & Mutations

You are very small and have problems with some larger weapons.
You are too small for most types of armour.
You have supernaturally acute eyesight. (SInv)
You are a herbivore.
((You cover ground extremely quickly.))
You need to consume almost no food.
You occasionally shout uncontrollably at your foes.
Your muscles are strong. (Str +2)


Message History

There is a lethal amount of poison in your body!
There is a lethal amount of poison in your body!
There is a lethal amount of poison in your body!
* * * LOW HITPOINT WARNING * * *
You feel sick.
* * * LOW HITPOINT WARNING * * *
You feel sick.
* * * LOW HITPOINT WARNING * * *
You feel sick.
* * * LOW HITPOINT WARNING * * *
You feel sick.
* * * LOW HITPOINT WARNING * * *
You feel sick.
* * * LOW HITPOINT WARNING * * *
You feel sick.
* * * LOW HITPOINT WARNING * * *
You feel sick.
* * * LOW HITPOINT WARNING * * *
You feel sick.
You die...

>#..............#
.#..............#
.#..............#
.#..............#
.+..............#
................#######
......................#
≈.....(...............#
≈†..............♣.....#
≈.....................#
......................#
.#....................#
.#..............#######
.#..............#
.#..............#
.#..............#
.#..............#


There were no monsters in sight!

Vanquished Creatures
  5 killer bees (D:4)
  Jessica (D:3)
  Natasha (twice) (D:3)
  A worker ant (D:4)
  5 adders
  2 worms
  2 leopard geckos
  An orc (D:3)
  5 giant cockroaches
  2 hobgoblins
  10 kobolds
  10 bats
  8 frilled lizards
  6 goblins
  A leopard gecko skeleton (D:4)
  7 rats
68 creatures vanquished.

Vanquished Creatures (others)
  2 bushes (D:4)
2 creatures vanquished.

Grand Total: 70 creatures vanquished

Notes
Turn   | Place    | Note
-------+----------+-------------------------------------------
     0 | D:1      | Esekla the Spriggan Necromancer began the quest for the
                  | Orb.
     0 | D:1      | Reached XP level 1. HP: 9/9 MP: 5/5
   556 | D:3      | Noticed Natasha
   556 | D:3      | Noticed Jessica
   764 | D:2      | Reached XP level 2. HP: 11/13 MP: 2/7
  1161 | D:2      | Found a hide-covered altar of Uskayaw.
  1482 | D:1      | Reached XP level 3. HP: 8/16 MP: 5/9
  1498 | D:2      | Learned a level 3 spell: Vampiric Draining
  1997 | D:3      | Killed Natasha
  1997 | D:3      | Reached skill level 1 in Short Blades
  2073 | D:2      | Reached XP level 4. HP: 18/21 MP: 11/11
  2133 | D:3      | Killed Jessica
  2133 | D:3      | Reached skill level 4 in Dodging
  2208 | D:3      | Found a snail-covered altar of Cheibriados.
  2299 | D:3      | Noticed Natasha
  2309 | D:3      | Found an iron altar of Okawaru.
  2334 | D:3      | Killed Natasha
  2334 | D:3      | Reached XP level 5. HP: 14/24 MP: 0/12
  2375 | D:3      | Gained mutation: Your body sometimes deteriorates upon
                  | taking damage. [potion of mutation]
  2375 | D:3      | Gained mutation: You can translocate small distances at
                  | will. [potion of mutation]
  2376 | D:3      | Lost mutation: Your body sometimes deteriorates upon taking
                  | damage. [potion of mutation]
  2376 | D:3      | Lost mutation: You can translocate small distances at will.
                  | [potion of mutation]
  2376 | D:3      | Gained mutation: You occasionally shout uncontrollably at
                  | your foes. [potion of mutation]
  2376 | D:3      | Gained mutation: Your muscles are strong. (Str +2) [potion
                  | of mutation]
  2586 | D:3      | Found a faded altar of an unknown god.
  2604 | D:3      | Became a worshipper of Sif Muna the Loreminder
  2604 | D:3      | Reached * piety under Sif Muna
  3554 | D:4      | Found a blossoming altar of Fedhas.
  3585 | D:4      | Noticed an ogre
  3623 | D:5      | Entered Level 5 of the Dungeon
  3854 | D:4      | Reached skill level 5 in Dodging
  3858 | D:4      | Reached XP level 6. HP: 15/29 MP: 13/13
  4157 | D:4      | Reached skill level 6 in Dodging
  4170 | D:4      | HP: 2/43 [poisoned by a worker ant]
  4175 | D:4      | Succumbed to a worker ant's poison

Illustrated notes

Levels and vault maps discovered:
D:1:      matt_arrival_los_fun, layout_basic
D:2:      layout_basic, nicolae_overflow_hidden_temple, first_ration,
          grunt_ministairs_6
D:3:      layout_rooms, lemuel_crystal_altar, chequers_ecumenical_altar_lobes,
          okawaru_metal_pillars_1_2, uniq_natasha, uniq_jessica
D:4:      layout_gridville, fedhas_ov_isle_minmay,
          minmay_temple_entry_gardened_gates, minmay_hedge_maze
D:5:      layout_basic, fountainhead

Skill      XL: |  1  2  3  4  5  6 |
---------------+-------------------+-----
Spellcasting   | 3 4 |  4.9
Short Blades   | 1 2 3 |  3.5
Stealth        | 4 |  4.5
Dodging        | 4 5 6 |  6.0
Fighting       | |  0.7
Necromancy     | |  3.9

Action                   |  1- 3 |  4- 6 || total
-------------------------+-------+-------++-------
Melee: Short sword       |    62 |   238 ||   300
 Cast: Pain              |    16 |     2 ||    18
       Vampiric Draining |     3 |    11 ||    14
  Use: Potion            |       |     8 ||     8
       Scroll            |       |     5 ||     5
 Stab: Sleeping          |     6 |     5 ||    11
       Distracted        |       |     1 ||     1
  Eat: Ration            |       |     2 ||     2
Armor: Robe              |    10 |    28 ||    38
Dodge: Dodged            |    57 |   293 ||   350
